 Dungeon Crawl Stone Soup version 0.22-a0-354-g30dfbe6 (webtiles) character file.

742 Amnesiac the Skirmisher (level 7, -12/57 HPs)
             Began as a Mummy Necromancer on Apr 17, 2018.
             Was an Initiate of Sif Muna.
             Shot with an arrow by a centaur (14 damage)
             ... on level 6 of the Dungeon.
             The game lasted 00:08:42 (5529 turns).

Amnesiac the Skirmisher (Mummy Necromancer)         Turns: 5529, Time: 00:08:43

Health: -12/57     AC:  7    Str: 11    XL:     7   Next: 47%
Magic:  2/11       EV: 12    Int: 16    God:    Sif Muna [......]
Gold:   265        SH:  0    Dex: 13    Spells: 7/11 levels left

rFire    x . .     SeeInvis .   a - +3 hunting sling
rCold    + . .     Gourm    .   (no shield)
rNeg     + + +     Faith    +   l - +0 ring mail
rPois    ∞         Spirit   .   (no helmet)
rElec    .         Reflect  .   (no cloak)
rCorr    .         Harm     .   (no gloves)
MR       .....                  n - +1 pair of boots
Stlth    +.........             d - amulet of faith
HPRegen  0.19/turn              m - ring of wizardry
MPRegen  0.12/turn              (no ring)

@: about to teleport, very slightly contaminated
A: no food or potions, fire vulnerability, cold resistance 1, negative energy
resistance 3, torment resistance, unbreathing
a: Renounce Religion


You were on level 6 of the Dungeon.
You worshipped Sif Muna.
Sif Muna was noncommittal.
You were not hungry.

You visited 2 branches of the dungeon, and saw 7 of its levels.

You collected 265 gold pieces.

Inventory:

Hand Weapons
 a - a +3 hunting sling (weapon)
 b - a +1 flail of protection
Missiles
 c - 141 stones
 i - 4 curare-tipped needles
 q - 8 sling bullets (quivered)
Armour
 l - a +0 ring mail (worn)
 n - a +1 pair of boots (worn)
Jewellery
 d - an amulet of faith (around neck)
 m - a ring of wizardry (left hand)
Wands
 o - a wand of flame (23)
Scrolls
 e - a scroll of immolation {!r}
 f - 4 scrolls of remove curse {!r}
 k - a scroll of amnesia {!r}


   Skills:
 - Level 5.8 Fighting
 - Level 5.0 Dodging
 - Level 1.5 Stealth
 + Level 2.6 Spellcasting
 * Level 4.0 Necromancy


You had 7 spell levels left.
You knew the following spells:

 Your Spells              Type           Power        Failure   Level  Hunger
a - Pain                  Necr           ##..         3%          1    N/A
d - Vampiric Draining     Necr           ##........   11%         3    N/A

Dungeon Overview and Level Annotations

Branches:
Dungeon (6/15)             Temple (1/1) D:4

Altars:
Cheibriados
Dithmenos
Qazlal
Sif Muna
Uskayaw
Zin
The Shining One

Annotations:
D:4 Anon1729's ghost, amateur OpFE


Innate Abilities, Weirdness & Mutations

You do not eat or drink.
Your flesh is vulnerable to fire.
You are immune to poison.
Your flesh is cold resistant. (rC+)
You are immune to negative energy. (rN+++)
You are immune to unholy pain and torment.
You can survive without breathing.


Message History

Unknown command.
Firing (i - inventory. (/) - cycle)
q - 14 sling bullets (quivered)
Press: ? - help, Shift-Dir - straight line You shoot a sling bullet.
The sling bullet barely misses the sky beast.
The sky beast hits you but does no damage. x2
Firing (i - inventory. (/) - cycle)
q - 13 sling bullets (quivered)
Press: ? - help, Shift-Dir - straight line, f - sky beast
Aim: a sky beast (heavily wounded)
You shoot a sling bullet.
The sling bullet barely misses the sky beast.
The sky beast hits you but does no damage.
Firing (i - inventory. (/) - cycle)
q - 12 sling bullets (quivered)
Press: ? - help, Shift-Dir - straight line, f/p - sky beast
Aim: a sky beast (heavily wounded)
You shoot a sling bullet.
The sling bullet barely misses the sky beast.
The sky beast hits you. The sky beast shocks you.
Firing (i - inventory. (/) - cycle)
q - 11 sling bullets (quivered)
Press: ? - help, Shift-Dir - straight line, f/p - sky beast
Aim: a sky beast (heavily wounded)
You shoot a sling bullet.
The sling bullet barely misses the sky beast.
The sky beast barely misses you.
Firing (i - inventory. (/) - cycle)
q - 10 sling bullets (quivered)
Press: ? - help, Shift-Dir - straight line, f/p - sky beast
Aim: a sky beast (heavily wounded)
You shoot a sling bullet. The sling bullet hits the sky beast.
The sky beast is heavily wounded.
The sky beast hits you. The sky beast shocks you.
* * * LOW HITPOINT WARNING * * *
Firing (i - inventory. (/) - cycle)
q - 9 sling bullets (quivered)
Press: ? - help, Shift-Dir - straight line, f/p - sky beast
Aim: a sky beast (heavily wounded)
You shoot a sling bullet.
The sling bullet hits the sky beast but does no damage.
The sky beast is heavily wounded.
The sky beast flickers out of sight!
Deactivating autopickup; reactivate with Ctrl-A.
Something hits you but does no damage. Something hits you.
* * * LOW HITPOINT WARNING * * *
Something shocks you.
* * * LOW HITPOINT WARNING * * *
No target in view!
A centaur comes into view.
The centaur wields a shortbow.
The centaur shoots an arrow.
The arrow barely misses you.
You see here an arrow.
The centaur shoots an arrow.
The arrow completely misses you.
The centaur shoots an arrow.
The arrow hits you.
* * * LOW HITPOINT WARNING * * *
You see here an arrow.
The centaur shoots an arrow.
The arrow hits you!
* * * LOW HITPOINT WARNING * * *
You see here an arrow.
Really read
g - a scroll labeled IRREAB GEHU {!r}?
As you read the scroll labeled IRREAB GEHU {!r}, it crumbles to dust.
It is a scroll of enchant armour.
Your +0 pair of boots glows green for a moment.
The centaur shoots an arrow.
The arrow barely misses you.
Really read
j - a scroll of teleportation {!r}?
As you read the scroll of teleportation {!r}, it crumbles to dust.
You feel strangely unstable.
The centaur shoots an arrow.
The arrow hits you!
You die...

###...########
+...................#
#...................#
#..c...>..(.........#
#...................#
#...................#
#............(......#
#................>..#
#..@##...##....##
##..{#######....#
#....(....(....(#
#............<..#
#...............#
#################


You could see a centaur.

Vanquished Creatures
  Eustachio (D:5)
  Edmund (D:5)
  A centaur (D:5)
  A howler monkey (D:5)
  2 orc priests (D:5)
  A jelly (D:5)
  An orc wizard (D:2)
  2 worker ants
  A worker ant zombie (D:5)
  8 adders
  An ooze (D:2)
  An adder zombie (D:5)
  2 worms (D:3)
  2 dart slugs
  4 leopard geckos
  15 orcs
  6 giant cockroaches
  8 goblins
  10 hobgoblins
  2 jackals (D:3)
  5 kobolds
  3 quokkas
  10 bats
  6 frilled lizards
  2 rats
96 creatures vanquished.

Notes
Turn   | Place    | Note
-------+----------+-------------------------------------------
     0 | D:1      | Amnesiac the Mummy Necromancer began the quest for the Orb.
     0 | D:1      | Reached XP level 1. HP: 13/13 MP: 4/4
   372 | D:1      | Reached XP level 2. HP: 19/19 MP: 2/5
   800 | D:2      | Reached XP level 3. HP: 11/24 MP: 0/7
  1043 | D:2      | Learned a level 3 spell: Vampiric Draining
  1135 | D:2      | Reached XP level 4. HP: 24/30 MP: 8/8
  2123 | D:3      | Reached XP level 5. HP: 23/35 MP: 9/9
  2896 | D:4      | Noticed Anon1729's ghost (amateur OpFE)
  2985 | D:5      | Entered Level 5 of the Dungeon
  3043 | D:5      | Noticed a centaur
  3050 | D:5      | Killed a centaur
  3050 | D:5      | Reached skill level 1 in Fighting
  3050 | D:5      | Reached skill level 5 in Dodging
  3092 | D:5      | Reached XP level 6. HP: 38/44 MP: 10/10
  3253 | D:5      | Noticed Edmund
  3386 | D:5      | Killed Edmund
  3742 | D:5      | Reached XP level 7. HP: 41/55 MP: 11/11
  4313 | D:5      | Found a hide-covered altar of Uskayaw.
  4530 | D:5      | Noticed Eustachio
  4564 | D:5      | Killed Eustachio
  4564 | D:5      | Reached skill level 5 in Fighting
  5079 | D:4      | Found a staircase to the Ecumenical Temple.
  5132 | D:4      | HP: 1/57 [Anon1729's ghost/flame tongue (18)]
  5446 | Temple   | Entered the Ecumenical Temple
  5451 | Temple   | Became a worshipper of Sif Muna the Loreminder
  5527 | D:6      | HP: 2/57 [centaur/arrow (11)]
  5529 | D:6      | Shot with an arrow by a centaur

Vault maps used:
D:1:      dpeg_arrival_rooms_b
D:2:      first_ration
D:4:      minmay_temple_entry_nine_rooms, serial_co_window_serial,
          co_window_paths_a, co_window_paths_b, co_window_paths_b,
          co_window_cross_1, co_window_of_opportunity_a, co_window_broadway_c,
          co_window_of_opportunity_b, co_window_broadway_a, co_window_corner_cb,
          co_window_corner_cb, glass_columns_b, glass_columns_c,
          glass_columns_c, glass_columns_b, glass_columns_c,
          kennysheep_generic_room_12
D:5:      basic_altar, nicolae_zen_rock_garden, uniq_edmund, uniq_eustachio
D:6:      uniq_pikel, uniq_sigmund
Temple:   grunt_wide_crystal_templ

Skill      XL: |  1  2  3  4  5  6  7 |
---------------+----------------------+-----
Dodging        | 2 3 4 5 |  5.0
Fighting       | 2 4 5 |  5.8
Stealth        | |  1.5
Spellcasting   | |  2.6
Necromancy     | |  4.0

Action                   |  1- 3 |  4- 6 |  7- 9 || total
-------------------------+-------+-------+-------++-------
Melee: Unarmed           |     2 |       |       ||     2
       Hunting sling     |       |       |     1 ||     1
 Fire: Hunting sling     |    54 |   323 |   103 ||   480
 Cast: Pain              |    38 |     8 |       ||    46
       Vampiric Draining |       |    11 |     3 ||    14
  Use: Scroll            |       |     5 |     6 ||    11
Armor: Robe              |     2 |     4 |       ||     6
       Ring mail         |       |    46 |    29 ||    75
Dodge: Dodged            |    24 |   132 |    36 ||   192

Table legend:
 A = Spawn XP
 B = Non-spawn XP
 C = Spawn XP percentage of total XP
 D = Spawn monster count
 E = Non-spawn monster count
 F = Spawn count percentage of total count
 G = Total turns spent on level
                    A         B        C        D         E        F      G
               +---------+---------+-------+---------+---------+-------+---------
         Total |       0 |    1060 |   0.0 |       0 |      96 |   0.0 |  5529
               +---------+---------+-------+---------+---------+-------+---------
           D:1 |       0 |      22 |   0.0 |       0 |      10 |   0.0 |   668
           D:2 |       0 |     133 |   0.0 |       0 |      35 |   0.0 |  1195
           D:3 |       0 |      95 |   0.0 |       0 |      23 |   0.0 |  1329
           D:4 |       0 |      73 |   0.0 |       0 |       9 |   0.0 |   587
           D:5 |       0 |     737 |   0.0 |       0 |      19 |   0.0 |  1706
               +---------+---------+-------+---------+---------+-------+---------
